 Dungeon Crawl Stone Soup version 0.28.0-49-g6dfe1f597d (webtiles) character file.

Game seed: 6397968534573030575

279 issech the Cudgeller (level 6, 0/61 HPs)
             Began as a Troll Monk on May 13, 2022.
             Slain by Grinder (1 damage)
             ... on level 4 of the Dungeon.
             The game lasted 00:11:42 (2684 turns).

issech the Cudgeller (Troll Monk)                   Turns: 2684, Time: 00:11:43

Health: 0/61       AC:  6    Str: 22    XL:     6   Next: 5%
Magic:  5/5        EV: 11    Int:  2    God:
Gold:   128        SH:  0    Dex: 14    Spells: 5/5 levels left

rFire   . . .      SeeInvis .   p - +2 short sword (drain)
rCold   . . .      Faith    .   (no shield)
rNeg    . . .      Spirit   .   h - +1 robe of Infinity {rElec Str+2 Int-4}
rPois   .          Reflect  .   (helmet restricted)
rElec   +          Harm     .   k - +0 cloak
rCorr   .          Rampage  .   (gloves unavailable)
Will    .....                   (boots unavailable)
Stlth   ++........              (no amulet)
HPRegen 1.00/turn               (no ring)
MPRegen 0.09/turn               (no ring)

@: no status effects
A: large, unfitting armour, claws 3, regeneration 1, shaggy fur 1, tough skin 1
a: no special abilities


You were on level 4 of the Dungeon.
You visited 1 branch of the dungeon, and saw 4 of its levels.

You collected 128 gold pieces.

Inventory:

Hand Weapons
 a - a +0 mace
 p - a +2 short sword of draining (weapon)
Missiles
 c - 160 stones (quivered)
 d - 62 bolts
 f - 29 arrows
 g - 13 sling bullets
 o - 3 poisoned darts
 q - 6 boomerangs
 v - 6 javelins
Armour
 b - a +0 robe
 h - the +1 robe of Infinity (worn) {rElec Str+2 Int-4}
   (You found it on level 2 of the Dungeon)

   Str:       It affects your strength (+2).
   Int:       It affects your intelligence (-4).
   rElec:     It insulates you from electricity.
 k - a +0 cloak (worn)
Wands
 l - a wand of polymorph (3)
Scrolls
 e - a scroll of identify {unknown}
 j - a scroll of teleportation {unknown}
 n - a scroll of magic mapping {unknown}
 r - a scroll of brand weapon {unknown}
 u - a scroll of holy word {unknown}
Potions
 i - a potion of mutation {unknown}
 m - a potion of lignification {unknown}
 s - 2 potions of berserk rage {unknown}
 t - a potion of heal wounds {unknown}
 w - a potion of flight {unknown}


   Skills:
 + Level 3.1 Fighting
 + Level 0.5 Short Blades
 + Level 4.4 Maces & Flails
 + Level 3.6 Dodging
 + Level 1.4 Stealth


You had 5 spell levels left.
You didn't know any spells.
Your spell library was empty.

Dungeon Overview and Level Annotations

Branches:
Dungeon (4/15)
 Temple: D:4-7

Altars:

Annotations:
D:4 Grinder


Innate Abilities, Weirdness & Mutations

You are too large for most types of armour.
You have claws for hands.
Your natural rate of healing is unusually fast.
You are covered in fur. (AC +1)
You have tough skin. (AC +1)


Message History

Unknown command.
You hit Grinder.
Grinder is heavily wounded.
Grinder barely misses you.
You hit Grinder.
Grinder is heavily wounded.
Grinder gestures at you. Pain shoots through your body!
* * * LOW HITPOINT WARNING * * *
Unknown command.
You barely miss Grinder.
Grinder is heavily wounded.
Grinder hits you but does no damage.
You hit Grinder but do no damage.
Grinder is heavily wounded.
Grinder hits you!
* * * LOW HITPOINT WARNING * * *
You barely miss Grinder.
Grinder is heavily wounded.
Grinder hits you but does no damage.
You hit Grinder.
Grinder is heavily wounded.
Grinder misses you.
You closely miss Grinder.
Grinder is heavily wounded.
Grinder hits you!
* * * LOW HITPOINT WARNING * * *
You writhe in agony.
* * * LOW HITPOINT WARNING * * *
Grinder closely misses you.
You hit Grinder.
Grinder is heavily wounded.
Grinder gestures at you.
You barely resist. You hit Grinder.
Grinder is severely wounded.
Grinder hits you.
* * * LOW HITPOINT WARNING * * *
You writhe in agony.
You die...

#######.###.# #.#### (#
### #.# #.# #.# ...#..
#.# #.# #.# ...#..
#.###.###.#
#.....#####.........####
!..(...#..####.........
#..(..#..#############
#5..........
#.@...###### ###...#
#####


You could see Grinder.

Vanquished Creatures
  A phantom (D:3)
  Ijyb (D:2)
  An orc wizard (D:3)
  8 adders
  2 worms (D:2)
  4 dart slugs
  2 orcs (D:3)
  8 bats
  8 endoplasms
  4 giant cockroaches
  6 goblins
  7 hobgoblins
  2 quokkas
  4 ball pythons
  4 frilled lizards
  6 kobolds
  6 rats
74 creatures vanquished.

Notes
Turn   | Place    | Note
-------+----------+-------------------------------------------
     0 | D:1      | issech the Troll Monk began the quest for the Orb.
     0 | D:1      | Reached XP level 1. HP: 22/22 MP: 0/0
   111 | D:1      | Reached XP level 2. HP: 29/29 MP: 1/1
   410 | D:1      | Found a faded altar of an unknown god.
   441 | D:1      | Reached skill level 3 in Maces & Flails
   491 | D:1      | Reached XP level 3. HP: 36/36 MP: 2/2
   832 | D:2      | Identified the +1 robe of Infinity {rElec Str+2 Int-4}
  1043 | D:2      | Reached XP level 4. HP: 42/44 MP: 3/3
  1346 | D:3      | Noticed Ijyb
  1414 | D:2      | Killed Ijyb
  1743 | D:3      | Reached XP level 5. HP: 50/52 MP: 4/4
  1810 | D:3      | Reached skill level 4 in Maces & Flails
  1909 | D:3      | Noticed a phantom
  1925 | D:3      | Killed a phantom
  2437 | D:3      | Reached XP level 6. HP: 54/61 MP: 5/5
  2655 | D:4      | Noticed Grinder
  2666 | D:4      | Paralysed by Grinder for 6 turns
  2682 | D:4      | HP: 2/61 [Grinder (2)]
  2684 | D:4      | Slain by Grinder

Illustrated notes

Levels and vault maps discovered:
D:1:      mrwooster_arrival_statue_2, layout_basic,
          hellmonk_ecumenical_altar_leap_of_faith, corexii_leaking_fountain,
          minmay_strange_pillars
D:2:      layout_basic
D:3:      mumra_celtic_spiral_tile, layout_loops_ring,
          kennysheep_decorative_pillar, uniq_ijyb
D:4:      layout_basic, minmay_temple_entry_antechambers, ebering_ghost_sewer_d,
          hangedman_decor_push, chequers_serial_rivers_room_a, uniq_grinder,
          uniq_edmund

Skill      XL: |  1  2  3  4  5 |
---------------+----------------+-----
Maces & Flails | 3 4 |  4.4
Dodging        | 3 |  3.6
Fighting       | 3 |  3.1
Short Blades   | |  0.5
Stealth        | |  1.4

Action                   |  1- 3 |  4- 6 || total
-------------------------+-------+-------++-------
Melee: Mace              |   149 |    51 ||   200
       Punch             |     1 |     2 ||     3
       Short sword       |       |    78 ||    78
Throw: Stone             |     5 |     6 ||    11
 Stab: Sleeping          |     3 |       ||     3
Armor: Robe              |    73 |    56 ||   129
       Skin              |       |     8 ||     8
Dodge: Dodged            |    98 |    75 ||   173
